 Dungeon Sprint DCSS version 0.31-a0-986-g5e6e4ef867 (webtiles) character file.

Game seed: 11386317101509052208

3148 rocky1 the Black Belt (level 9, -5/69 HPs)
             Began as an Octopode Shapeshifter on Nov 24, 2023.
             Was an Initiate of Gozag.
             Slain by a centaur warrior (10 damage)
             ... in the Dungeon (Sprint III: "The Ten Rune Challenge").
             The game lasted 00:06:05 (2050 turns).

rocky1 the Black Belt (Octopode Shapeshifter)       Turns: 2050, Time: 00:06:06

Health: -5/69      AC:  4    Str: 17    XL:     9   Next: 93%
Magic:  9/9        EV: 15    Int: 18    God:    Gozag
Gold:   2100       SH:  0    Dex: 14    Spells: 8/8 levels left

rFire   . .          .
                       - Unarmed
rCold   + . .        (shield currently unavailable)
rNeg    . . .        (helmet restricted)
rPois   .            e - amulet of regeneration
rElec   .            d - ring of protection from cold
rCorr   .            f - ring of flight
SInv    .            q - +6 ring of intelligence
Will    .....        (no ring)
Stlth   +            (no ring)
HPRegen 1.11/turn    (no ring)
MPRegen 0.11/turn    (no ring)
                     (no ring)

%: no teleportation
@: flux-form, gold aura, flying, glowing
A: glow, contaminating, almost no armour, amphibious, 8 rings, camouflage 1,
gelatinous body 1, (nimble swimmer 1), tentacles, iridescent scales 1, shaggy
fur 1, strong 1
a: Begin Untransformation, Renounce Religion, Potion Petition, Call Merchant,
Bribe Branch


You were in the Dungeon.
You worshipped Gozag.
Gozag was most pleased with you.
You were something dangerously unstable.
You visited 1 branch You collected 3402 gold pieces.
You spent 1302 gold pieces at shops.

Inventory:

Jewellery
 d - a ring of protection from cold (left tentacle)
 e - an amulet of regeneration (around mantle)
 f - a ring of flight (right tentacle)
 q - a +6 ring of intelligence (on tentacle)
Talismans
 b - a beast talisman
 c - a flux talisman (active)
Wands
 h - a wand of charming (2)
 p - a wand of iceblast (10)
Scrolls
 i - a scroll of blinking
 j - a scroll of fear {unknown}
 l - 2 scrolls of torment {unknown}
 m - a scroll of amnesia {unknown}
 n - 2 scrolls of identify
Potions
 a - 2 potions of lignification
 g - 2 potions of magic
 k - 2 potions of mutation
 o - a potion of enlightenment {unknown}


   Skills:
 * Level 9.5 Fighting
 + Level 5.7 Dodging
 - Level 2.0 Stealth
 + Level 15.4 Unarmed Combat
 - Level 0.9 Evocations
 + Level 11.7 Shapeshifting


You had 8 spell levels left.
You didn't know any spells.
Your spell library contained the following spells:

 Spells                   Type           Power      Damage    Failure   Level
 Sublimation of Blood     Necr           0%         N/A       32%         2
 Petrify                  Tmut/Erth      0%         N/A       91%         4
 Irradiate                Conj/Tmut      0%         3d11      99%         5
 Malign Gateway           Summ/Tloc      0%         N/A       100%        7
 Summon Horrible Things   Summ           0%         N/A       100%        8


Dungeon Overview and Level Annotations

Branches:
Dungeon (1/1)

Altars:
Cheibriados
Dithmenos
Elyvilon
Fedhas
Gozag
Hepliaklqana
Kikubaaqudgha
Makhleb
Nemelex Xobeh
Okawaru
Qazlal
Ru
Sif Muna
Trog
Uskayaw
Vehumet
Wu Jian
Xom
Yredelemnul
Zin
The Shining One
Jiyva
Lugonu

Shops:
D =


Innate Abilities, Weirdness & Mutations

You are something dangerously unstable.
You glow with magical radiation, making you easy to see and hit.
Foes you strike become dangerously contaminated with magical radiation.
You are incapable of wielding weapons or throwing items.
You cannot wear most types of armour.
You are amphibious.
You can wear up to eight rings at the same time.
Your skin changes colour to match your surroundings (Stealth+).
Your rubbery body absorbs attacks. (AC +1, EV +1)
((You are camouflaged when in or above water. (Stealth+)))
You have tentacles for arms and can constrict up to eight enemies at once.
You are partially covered in iridescent scales. (AC +2)
You are covered in fur. (AC +1)
Your muscles are strong. (Str +4, Int/Dex -1)


Message History

You bludgeon the centaur!
You kill the centaur!
The centaur warrior shoots an arrow.
The arrow hits you!
You are too injured to fight recklessly!
The centaur wields a +0 orcbow.
The centaur shoots an arrow.
The arrow hits you.
The centaur warrior shoots an arrow.
The arrow closely misses you.
The centaur shoots an arrow.
The arrow barely misses you.
Things that are here:
144 gold pieces; a +0 orcbow
Okay, then.
The centaur warrior unwields a +0 orcbow.
The centaur warrior hits you. The centaur warrior kicks you.
The centaur unwields a +0 orcbow.
The centaur closely misses you. The centaur misses you.
There is an open door, spattered with blood here.
You tentacle-slap the centaur warrior.
The centaur warrior begins to glow.
The centaur warrior is lightly wounded.
The centaur warrior hits you. The centaur warrior closely misses you.
The centaur misses you. x2
You barely miss the centaur warrior.
The centaur warrior is lightly wounded.
The centaur warrior hits you.
* * * LOW HITPOINT WARNING * * *
The centaur warrior kicks you.
* * * LOW HITPOINT WARNING * * *
The centaur hits you.
* * * LOW HITPOINT WARNING * * *
The centaur barely misses you. The centaur warrior hits you.
* * * LOW HITPOINT WARNING * * *
The centaur warrior kicks you but does no damage.
You tentacle-slap the centaur warrior but do no damage.
The centaur warrior glows dangerously bright.
The centaur warrior is lightly wounded.
The centaur hits you.
* * * LOW HITPOINT WARNING * * *
The centaur kicks you but does no damage.
The centaur warrior hits you!
You die...
Your body crumbles into a pile of gold.

########..### #..#
___#__#..##.###..+
__.#._#.........##
'###)##........##
......#........###
......#..#.#..#∩.#
#####'#.###..###.#
__#...#)#############
__#...#.§§§§))#$pc..+
__#...#.#)~§#)#.#c..#
__#...'.#§§§#.#.#...#
__'...#.#§§§#...#...#
▓▓▓▓▓▓▓▓▓▓▓▓▓▓▓▓▓▓▓▓#


You could see a centaur warrior (heavy contam) and a centaur.

Vanquished Creatures
  Josephine (D)
  An orc knight (D)
  A deep elf pyromancer (D)
  An orc sorcerer (D)
  A shadow (D)
  A spatial vortex (D)
  An orc warrior (D)
  A centaur (D)
  An earth elemental (D)
  A water elemental (D)
  A necrophage (D)
  A jelly (D)
  3 orc priests (D)
  Jessica (D)
  An arcanist (D)
  2 orc wizards (D)
  A necromancer (D)
  3 humans (D)
  A kobold demonologist (D)
  A phantom (D)
  10 orcs (D)
  An endoplasm (D)
  2 rats (D)
38 creatures vanquished.

Notes
Turn   | Place    | Note
-------+----------+-------------------------------------------
     0 | D        | rocky1 the Octopode Shapeshifter began the quest for the
                  | Orb.
     0 | D        | Reached XP level 1. HP: 13/13 MP: 1/1
    28 | D        | Noticed Jessica
    31 | D        | Killed Jessica
    32 | D        | Reached skill level 4 in Unarmed Combat
    32 | D        | Reached XP level 2. HP: 18/18 MP: 2/2
    32 | D        | Reached XP level 3. HP: 23/23 MP: 3/3
    63 | D        | Reached skill level 1 in Stealth
    63 | D        | Reached skill level 5 in Unarmed Combat
    63 | D        | Reached skill level 5 in Shapeshifting
   249 | D        | Gained mutation: You are partially covered in iridescent
                  | scales. (AC +2) [potion of mutation]
   249 | D        | Gained mutation: You have hidden genetic potential. [potion
                  | of mutation]
   258 | D        | Noticed a water elemental
   262 | D        | Killed a water elemental
   263 | D        | Reached skill level 6 in Unarmed Combat
   263 | D        | Reached XP level 4. HP: 28/28 MP: 4/4
   274 | D        | Gained mutation: Your muscles are strong. (Str +4, Int/Dex
                  | -1) [hidden potential]
   437 | D        | Noticed a shadow
   446 | D        | Killed a shadow
   447 | D        | Reached skill level 8 in Unarmed Combat
   447 | D        | Reached XP level 5. HP: 31/37 MP: 5/5
   447 | D        | Reached XP level 6. HP: 36/43 MP: 6/6
   457 | D        | Gained mutation: You are covered in fur. (AC +1) [hidden
                  | potential]
   457 | D        | Lost mutation: You have hidden genetic potential. [hidden
                  | potential expressed]
   652 | D        | Found a blossoming altar of Fedhas.
   652 | D        | Found a stormy altar of Qazlal.
   652 | D        | Found a snail-covered altar of Cheibriados.
   652 | D        | Found a burning altar of Makhleb.
   652 | D        | Found a shimmering altar of Xom.
   653 | D        | Found a hazy altar of Hepliaklqana.
   653 | D        | Found an opulent altar of Gozag.
   653 | D        | Found a sparkling altar of Nemelex Xobeh.
   653 | D        | Found a corrupted altar of Lugonu.
   653 | D        | Found a viscous altar of Jiyva.
   653 | D        | Noticed a spatial vortex
   657 | D        | Became a worshipper of Gozag Ym Sagoz the Greedy
   664 | D        | Killed a spatial vortex
   665 | D        | Reached skill level 9 in Unarmed Combat
   685 | D        | Found a basalt altar of Yredelemnul.
   685 | D        | Found a shadowy altar of Dithmenos.
   685 | D        | Found a sacrificial altar of Ru.
   689 | D        | Reached skill level 5 in Fighting
   689 | D        | Reached XP level 7. HP: 50/50 MP: 7/7
   804 | D        | Found a glowing silver altar of Zin.
   804 | D        | Found a glowing golden altar of the Shining One.
   804 | D        | Found a white marble altar of Elyvilon.
   804 | D        | Noticed a deep elf pyromancer
   810 | D        | Killed a deep elf pyromancer
   811 | D        | Reached skill level 11 in Unarmed Combat
   811 | D        | Reached skill level 10 in Shapeshifting
   811 | D        | Reached XP level 8. HP: 24/58 MP: 8/8
   984 | D        | Found a radiant altar of Vehumet.
   984 | D        | Found a shimmering blue altar of Sif Muna.
   984 | D        | Found an ancient bone altar of Kikubaaqudgha.
  1111 | D        | Found a hide-covered altar of Uskayaw.
  1111 | D        | Found an iron altar of Okawaru.
  1111 | D        | Found a bloodstained altar of Trog.
  1111 | D        | Found an ornate altar of the Wu Jian Council.
  1124 | D        | Reached skill level 12 in Unarmed Combat
  1315 | D        | Noticed Josephine
  1324 | D        | Killed Josephine
  1325 | D        | Reached skill level 5 in Dodging
  1325 | D        | Reached skill level 13 in Unarmed Combat
  1325 | D        | Reached XP level 9. HP: 53/66 MP: 9/9
  1484 | D        | Noticed an orc knight
  1494 | D        | Noticed an orc sorcerer
  1496 | D        | Killed an orc knight
  1497 | D        | Reached skill level 14 in Unarmed Combat
  1499 | D        | Noticed an ice devil
  1519 | D        | Killed an orc sorcerer
  1520 | D        | Reached skill level 15 in Unarmed Combat
  1549 | D        | HP: 3/69 [orc priest/nerve-wracking pain (12)]
  1777 | D        | Found Vacul's Jewellery Shoppe.
  1955 | D        | Bought a ring of protection from cold for 300 gold pieces
  1955 | D        | Bought an amulet of regeneration for 360 gold pieces
  1955 | D        | Bought a ring of flight for 210 gold pieces
  1955 | D        | Bought a +6 ring of intelligence for 432 gold pieces
  2041 | D        | Noticed a centaur warrior
  2050 | D        | Slain by a centaur warrior

Illustrated notes

Levels and vault maps discovered:
D:        dungeon_sprint_mu [sprint_mu_entry_forest, sprint_mu_temple_rooms,
          sprint_mu_d1_horrors, sprint_mu_d2_genie, sprint_mu_d3_branching,
          sprint_mu_orc_legion, sprint_mu_elf_gauntlet, sprint_mu_hive_nellie,
          sprint_mu_lair_fedhas, sprint_mu_vaults_butterflies,
          sprint_mu_slime_circle, sprint_mu_shoals_archi,
          sprint_mu_snake_twists, sprint_mu_blade_basic, sprint_mu_crypt_lich,
          sprint_mu_tomb_spiral, sprint_mu_vestibule_basic,
          sprint_mu_gehenna_hellfire, sprint_mu_dis_giant,
          sprint_mu_tartarus_statrot, sprint_mu_cocytus_islands, sprint_mu_zot1]

Skill      XL: |  1  2  3  4  5  6  7  8  9 |
---------------+----------------------------+-----
Unarmed Combat | 4 6 8 9 11 13 15 | 15.4
Shapeshifting  | 4 6 8 9 10 11 | 11.7
Stealth        | 2 |  2.0
Dodging        | 3 4 5 |  5.7
Fighting       | 3 5 6 8 9 |  9.5
Evocations     | |  0.9

Action                     |  1- 3 |  4- 6 |  7- 9 || total
---------------------------+-------+-------+-------++-------
  Melee: Unarmed           |    22 |    19 |    93 ||   134
         Tentacles         |     5 |     3 |    27 ||    35
         Constrict         |     2 |     1 |    23 ||    26
  Evoke: Wand              |       |       |     2 ||     2
    Use: Potion            |     2 |       |     5 ||     7
   Stab: Sleeping          |     1 |       |       ||     1
         Distracted        |       |       |     1 ||     1
 Armour: Skin              |     5 |     4 |    53 ||    62
  Dodge: Dodged            |     9 |     6 |    31 ||    46
   Form: Flux              |       |     1 |       ||     1

Table legend: (Time is in decaauts)
 A = Elapsed time spent in this place.
 B = Non-inter-level travel time spent in this place.
 C = Inter-level travel time spent in this place.
 D = Time resting spent in this place.
 E = Time spent auto-exploring this place.
 F = Levels seen in this place.
 G = Mean time per level.
                   A        B        C        D        E       F      G
               +--------+--------+--------+--------+--------+-----+--------+
         Total |   2014 |   1946 |     68 |   1330 |      0 |   1 | 2014.0 |
       Dungeon |   2014 |   1946 |     68 |   1330 |      0 |   1 | 2014.0 |
               +--------+--------+--------+--------+--------+-----+--------+

Top non-repeatable levels by time:
       D: 2014 daAuts
